 Dungeon Crawl Stone Soup version 0.29-a0-338-g1ff7896281 (webtiles) character file.

Game seed: 15535021209727413872

816 zishaf the Grave Robber (level 7, -2/57 (62) HPs)
             Began as a Deep Dwarf Necromancer on Apr 18, 2022.
             Slain by a wight
             ... wielding a +4 long sword
              (12 damage)
             ... in an ossuary.
             The game lasted 00:11:07 (4159 turns).

zishaf the Grave Robber (Deep Dwarf Necromancer)    Turns: 4159, Time: 00:11:07

HP:   -2/57 (62)    AC:  4    Str: 13    XL:     7   Next: 62%
MP:   9/9           EV: 12    Int: 16    God:
Gold: 177           SH:  0    Dex: 13    Spells: 6/10 levels left

rFire   . . .      SeeInvis .   a - +3 mace (vorpal)
rCold   . . .      Faith    .   (no shield)
rNeg    + . .      Spirit   .   p - +0 robe {Archmagi}
rPois   .          Reflect  .   r - +0 helmet
rElec   .          Harm     .   (no cloak)
rCorr   .          Rampage  .   (no gloves)
Will    ++...      Archmagi +   t - +0 pair of boots
Stlth   ++........              (no amulet)
HPRegen 0.00/turn               j - ring of willpower
MPRegen 0.11/turn               n - ring of positive energy

@: studying Armour, drained
A: damage resistance, heal wounds, sense surroundings 1, no regeneration
a: Heal Wounds


You were in an ossuary.
You visited 1 branch of the dungeon, and saw 4 of its levels.
You also visited: Ossuary.

You collected 177 gold pieces.

Inventory:

Hand Weapons
 a - a +3 vorpal mace (weapon)
 b - a +0 hunting sling
 q - a +2 dagger of venom
 x - a +3 mace of freezing
Missiles
 o - 3 poisoned darts
 w - 5 javelins
Armour
 d - a +0 robe
 p - a +0 robe of the Archmagi (worn)
 r - a +0 helmet (worn)
 t - a +0 pair of boots (worn)
 v - +0 ice dragon scales
Jewellery
 j - a ring of willpower (left hand)
 m - the ring "Kit Zupsif" {rN+ Str+5 Int-2 Stlth+}
   (You found it on level 2 of the Dungeon)

   [ring of positive energy]

   Str:       It affects your strength (+5).
   Int:       It affects your intelligence (-2).
   rN:        It protects you from negative energy.
   Stlth:     It makes you more stealthy.
 n - a ring of positive energy (right hand)
Wands
 A - a wand of mindburst (15)
Scrolls
 c - a scroll of teleportation
 e - 2 scrolls of brand weapon
 i - 2 scrolls of identify
 k - a scroll of blinking
 y - a scroll of enchant weapon {unknown}
 D - a scroll of amnesia {unknown}
 E - a scroll of enchant armour {unknown}
Potions
 f - a potion of magic
 g - a potion of mutation
 l - a potion of brilliance
 s - 5 potions of curing
 u - a potion of attraction {unknown}
 z - a potion of lignification {unknown}
 B - 3 potions of invisibility {unknown}
 C - a potion of heal wounds {unknown}


   Skills:
 + Level 3.4 Fighting
 + Level 3.6 Maces & Flails
 + Level 2.6 Armour
 - Level 2.1 Dodging
 - Level 2.4 Stealth
 + Level 2.4 Spellcasting
 * Level 7.8 Necromancy


You had 6 spell levels left.
You knew the following spells:

 Your Spells              Type           Power      Damage    Failure   Level
a - Pain                  Necr           100%       1d9       1%          1
b - Vampiric Draining     Necr           40%        2d8       2%          3

Your spell library contained the following spells:

 Spells                   Type           Power      Damage    Failure   Level
 Animate Skeleton         Necr           80%        N/A       1%          1
 Animate Dead             Necr           20%        N/A       8%          4
 Agony                    Necr           40%        N/A       22%         5


Dungeon Overview and Level Annotations

Branches:
Dungeon (4/15)            Ossuary (1/1)
 Temple: D:4-7

Altars:

Shops:
D:1 ![*!:

Annotations:
D:2 1 runed translucent door, Crazy Yiuf, Sigmund


Innate Abilities, Weirdness & Mutations

You are resistant to damage.
You can heal yourself by infusing magical energy.
You passively map a small area around you.
You do not regenerate.


Message History

You feel a strong urge to attack something.
You are no longer berserk.
You are exhausted.
You feel as though you will be slow longer.
You feel much better.
There is an open door, spattered with blood here.
You start waiting.
You feel yourself speed up.
You recover from your berserk rage.
You open the door.
A wight comes into view. It is wielding a +4 long sword.
You hit the wight.
The wight is moderately damaged.
The wight hits you with a +4 long sword!
You partially resist.
You feel drained.
You barely miss the wight.
The wight is moderately damaged.
The wight hits you with a +4 long sword!
You partially resist.
You feel drained.
You closely miss the wight.
The wight is moderately damaged.
The wight barely misses you. x2
You barely miss the wight.
The wight is moderately damaged.
The wight closely misses you.
You completely miss the wight.
The wight is moderately damaged.
The wight closely misses you.
You hit the wight but do no damage.
The wight is moderately damaged.
The wight hits you with a +4 long sword.
You partially resist.
You feel drained.
You hit the wight but do no damage.
The wight is moderately damaged.
The wight hits you with a +4 long sword!
* * * LOW HITPOINT WARNING * * *
You completely miss the wight.
The wight is moderately damaged.
The wight hits you with a +4 long sword!
You die...

** ###########
.........@#
#.###.##z.# #,
#.# #.#.#.#
#.###.###.###.#
#.............#
#.............#
#.#*#.....###.#
#.#,#.....#z#.#
#.###.....###.#


You could see a wight.

Vanquished Creatures
  Grinder (D:3)
  A wraith (Ossuary)
  An orc warrior (D:3)
  2 wights (Ossuary)
  A centaur zombie (Ossuary)
  A jelly (D:4)
  2 orc wizards (D:2)
  An iguana (D:4)
  Robin (D:3)
  A gnoll (D:4)
  4 adders
  A worm (D:2)
  6 orcs
  7 ball pythons
  5 bats
  6 endoplasms
  3 giant cockroaches
  9 goblins
  9 hobgoblins
  7 jackals
  7 kobolds
  3 quokkas
  4 ball python skeletons (Ossuary)
  5 frilled lizards
  A hobgoblin skeleton (Ossuary)
  A hobgoblin zombie (Ossuary)
  A kobold zombie (Ossuary)
  An orc skeleton (Ossuary)
  6 rats
98 creatures vanquished.

Vanquished Creatures (others)
  A fungus (D:2)
1 creature vanquished.

Grand Total: 99 creatures vanquished

Notes
Turn   | Place    | Note
-------+----------+-------------------------------------------
     0 | D:1      | zishaf the Deep Dwarf Necromancer began the quest for the
                  | Orb.
     0 | D:1      | Reached XP level 1. HP: 15/15 MP: 3/3
    24 | D:1      | Found Nisch's Armour Emporium.
   248 | D:1      | Reached XP level 2. HP: 24/24 MP: 0/5
   370 | D:1      | Found Baeqaol's Distillery.
   609 | D:1      | Found Xonoer's Assorted Antiques.
   634 | D:1      | Found Cequ's Distillery.
   722 | D:1      | Found Tuggem's Book Emporium.
   763 | D:1      | Reached skill level 1 in Fighting
   763 | D:1      | Reached skill level 5 in Necromancy
   796 | D:1      | Reached XP level 3. HP: 24/31 MP: 4/6
   800 | D:1      | Learned a level 3 spell: Vampiric Draining
  1017 | D:2      | Noticed Sigmund
  1171 | D:2      | Reached skill level 1 in Maces & Flails
  1256 | D:2      | Identified the ring "Kit Zupsif" {rN+ Str+5 Int-2 Stlth+}
  1569 | D:2      | Reached XP level 4. HP: 38/38 MP: 1/7
  1649 | D:2      | Found a faded altar of an unknown god.
  1690 | D:2      | Found a runed translucent door.
  1691 | D:2      | Noticed Crazy Yiuf
  1911 | D:3      | Reached XP level 5. HP: 38/45 MP: 1/8
  1988 | D:3      | Noticed Robin
  2014 | D:3      | Killed Robin
  2027 | D:3      | Reached skill level 6 in Necromancy
  2626 | D:3      | Noticed an orc warrior
  2628 | D:3      | Noticed Grinder
  2673 | D:3      | Paralysed by Grinder for 7 turns
  2680 | D:3      | Killed Grinder
  2681 | D:3      | Reached XP level 6. HP: 6/55 MP: 9/9
  2793 | D:3      | Killed an orc warrior
  2794 | D:3      | Reached skill level 7 in Necromancy
  3464 | D:4      | Reached skill level 1 in Armour
  3464 | D:4      | Reached XP level 7. HP: 41/62 MP: 2/9
  3466 | D:4      | Found a sand-covered staircase.
  3492 | Ossuary  | Entered an ossuary
  3941 | Ossuary  | Noticed a wraith
  3941 | Ossuary  | Noticed a flying skull
  4097 | Ossuary  | Noticed a flying skull
  4101 | Ossuary  | Noticed a wraith
  4112 | Ossuary  | Killed a wraith
  4159 | Ossuary  | Slain by a wight

Illustrated notes

Levels and vault maps discovered:
D:1:      dpeg_arrival_rooms_b, layout_basic, serial_shops,
          nicolae_shop_hallway_plus, shop, nicolae_shop_hallway_plus, shop,
          nicolae_shop_waterfront
D:2:      layout_basic, hellmonk_ecumenical_altar_leap_of_faith, uniq_sigmund,
          uniq_crazy_yiuf_cottage
D:3:      layout_basic, st_stairs_8, minivault_27, kennysheep_big_empty_room,
          uniq_robin, uniq_grinder
D:4:      kennysheep_goblin_castle, layout_loops_ring, enter_ossuary_1
Ossuary:  ossuary_due_cavern

Skill      XL: |  1  2  3  4  5  6  7 |
---------------+----------------------+-----
Spellcasting   | 2 |  2.4
Fighting       | 1 2 3 |  3.4
Necromancy     | 5 6 7 |  7.8
Maces & Flails | 1 2 3 |  3.6
Armour         | 1 2 |  2.6
Dodging        | |  2.1
Stealth        | |  2.4

Action                   |  1- 3 |  4- 6 |  7- 9 || total
-------------------------+-------+-------+-------++-------
Melee: Unarmed           |     6 |       |       ||     6
       Mace              |    45 |    65 |    52 ||   162
       Punch             |       |       |     3 ||     3
 Fire: Hunting sling     |     1 |       |       ||     1
 Cast: Pain              |    38 |    10 |       ||    48
       Vampiric Draining |    11 |    29 |       ||    40
 Abil: Heal Wounds       |     1 |     3 |     1 ||     5
  Use: Scroll            |       |     8 |       ||     8
       Potion            |       |       |     1 ||     1
 Stab: Sleeping          |       |     1 |     5 ||     6
Armor: Robe              |    12 |    12 |    10 ||    34
Dodge: Dodged            |    78 |    59 |    29 ||   166

Table legend: (Time is in decaauts)
 A = Elapsed time spent in this place.
 B = Non-inter-level travel time spent in this place.
 C = Inter-level travel time spent in this place.
 D = Time resting spent in this place.
 E = Time spent auto-exploring this place.
 F = Levels seen in this place.
 G = Mean time per level.
                   A        B        C        D        E       F      G
               +--------+--------+--------+--------+--------+-----+--------+
         Total |   4230 |   3982 |    248 |    974 |   1693 |   5 |  846.0 |
       Dungeon |   3535 |   3287 |    248 |    511 |   1693 |   4 |  883.8 |
       Ossuary |    694 |    694 |      0 |    463 |      0 |   1 |  694.0 |
               +--------+--------+--------+--------+--------+-----+--------+

Top non-repeatable levels by time:
     D:3: 1383 daAuts
     D:1: 1139 daAuts
     D:2: 806 daAuts
 Ossuary: 694 daAuts
     D:4: 206 daAuts
